 Dungeon Crawl Stone Soup version 0.29.1-14-g9c671dbff4 (webtiles) character file.

Game seed: 692291106569321879

1 leafyfresh the Covert (level 1, -4/23 HPs)
             Began as a Gnoll Delver on Feb 13, 2023.
             Slain by a black bear (5 damage)
             ... on level 3 of the Dungeon.
             The game lasted 00:00:41 (181 turns).

leafyfresh the Covert (Gnoll Delver)                 Turns: 181, Time: 00:00:41

Health: -4/23      AC:  3    Str: 11    XL:     1   Next: 20%
Magic:  1/1        EV: 13    Int:  9    God:
Gold:   52         SH:  0    Dex: 13    Spells: 0/0 levels left

rFire   . . .      SeeInvis .   h - +0 rapier
rCold   . . .      Faith    .   (no shield)
rNeg    . . .      Spirit   .   b - +0 leather armour
rPois   .          Reflect  .   (no helmet)
rElec   .          Harm     .   (no cloak)
rCorr   .          Rampage  .   (no gloves)
Will    .....                   (no boots)
Stlth   ++++......              (no amulet)
HPRegen 0.07/turn               (no ring)
MPRegen 0.07/turn               (no ring)

@: no status effects
A: fangs 1, strong nose, distributed training
a: no special abilities


You were on level 3 of the Dungeon.
You visited 1 branch of the dungeon, and saw 3 of its levels.

You collected 52 gold pieces.

Inventory:

Hand Weapons
 a - a +0 spear
 h - a +0 rapier (weapon)
Armour
 b - a +0 leather armour (worn)
Wands
 g - a wand of digging (3)
 i - a wand of flame (10)
Scrolls
 c - a scroll of fog
 d - a scroll of magic mapping
 e - 2 scrolls of fear
Potions
 f - a potion of haste
 j - a potion of berserk rage {unknown}
 k - a potion of mutation {unknown}
 l - a potion of curing {unknown}
 m - a potion of heal wounds {unknown}
 n - a potion of ambrosia {unknown}


   Skills:
 + Level 6.4 Fighting
 + Level 0.0 Short Blades
 + Level 0.0 Long Blades
 + Level 0.0 Axes
 + Level 0.0 Maces & Flails
 + Level 4.4 Polearms
 + Level 0.0 Staves
 + Level 0.0 Ranged Weapons
 + Level 0.0 Throwing
 + Level 0.0 Armour
 + Level 4.4 Dodging
 + Level 9.5 Stealth
 + Level 0.0 Shields
 + Level 0.0 Unarmed Combat
 + Level 0.0 Spellcasting
 + Level 0.0 Conjurations
 + Level 0.0 Hexes
 + Level 0.0 Summonings
 + Level 0.0 Necromancy
 + Level 0.0 Translocations
 + Level 0.0 Transmutations
 + Level 0.0 Fire Magic
 + Level 0.0 Ice Magic
 + Level 0.0 Air Magic
 + Level 0.0 Earth Magic
 + Level 0.0 Poison Magic
 + Level 0.0 Invocations
 + Level 0.0 Evocations


You couldn't memorise any spells.
You didn't know any spells.
Your spell library was empty.

Dungeon Overview and Level Annotations

Branches:
Dungeon (5/15)
 Temple: D:4-7

Altars:

Shops:
D:3 [   D:4 =

Annotations:
D:5 Eustachio


Innate Abilities, Weirdness & Mutations

You have very sharp teeth.
Your uncanny sense of smell can sniff out nearby items.
Your experience applies equally to all skills.


Message History

The helpless bat fails to defend itself.
You impale the bat!!
You kill the bat!
No target in view!
No target in view!
n - a sapphire potion No target in view!
A black bear comes into view.
Found Bus Nus's Antique Armour Shoppe.
A black bear is nearby!
Found a scroll labelled SUACLEA YJINT.
A black bear is nearby!
A black bear is nearby!
A black bear is nearby!
A black bear is nearby!
The helpless black bear fails to defend itself.
You puncture the black bear!
The black bear is heavily wounded.
The black bear barely misses you. The black bear claws you.
The black bear closely misses you.
You closely miss the black bear.
The black bear is heavily wounded.
The black bear barely misses you. The black bear completely misses you.
The black bear closely misses you.
You hit the black bear.
The black bear is almost dead.
The black bear goes berserk!
You hit the black bear.
The black bear is almost dead.
The black bear bites you. The black bear barely misses you.
The black bear claws you but does no damage.
The black bear bites you! The black bear claws you.
* * * LOW HITPOINT WARNING * * *
The black bear claws you.
* * * LOW HITPOINT WARNING * * *
You barely miss the black bear.
The black bear is almost dead.
The black bear completely misses you. The black bear barely misses you. x3
The black bear closely misses you. The black bear claws you.
You die...

#.# #.# #.# # #.# . #.
#.# ..##.#########.###
.......§§§.......#
#..≈.≈§.###.#.#
#.§.@§§?# #.#.#
#≈.h∩§§≈# #.#.# #
#.§...≈.# #.#.# .#
#...≈.≈....#.#.###.#
#....≈...#.........#
#..........#.#..(#####
...##########.#.>.....#
^## #.#.#####.# #.#.#


You could see a black bear (berserk).

Vanquished Creatures
  A bat (D:3)
1 creature vanquished.

Notes
Turn   | Place    | Note
-------+----------+-------------------------------------------
     0 | D:5      | Reached skill level 9 in Stealth
     0 | D:5      | leafyfresh the Gnoll Delver began the quest for the Orb.
     0 | D:5      | Reached XP level 1. HP: 23/23 MP: 1/1
    18 | D:5      | Noticed an iguana
   114 | D:5      | Noticed Eustachio
   114 | D:5      | Noticed a jelly
   127 | D:4      | Found Ipasho Vada's Jewellery Shoppe.
   170 | D:3      | Noticed a black bear
   171 | D:3      | Found Bus Nus's Antique Armour Shoppe.
   180 | D:3      | HP: 1/23 [black bear (3)]
   181 | D:3      | Slain by a black bear

Illustrated notes

Levels and vault maps discovered:
D:3:      layout_basic, serial_shops, nicolae_diamond_shop,
          corexii_hall_statues_i
D:4:      layout_cave_pools, minmay_temple_entry_glassed_door, serial_shops,
          nicolae_shop_window_shopping, nicolae_shop_crystal,
          nicolae_shop_hallway_plus, kennysheep_little_box
D:5:      layout_basic, uniq_eustachio, uniq_edmund, uniq_ijyb

Skill      XL: | |
---------------+-+-----
Stealth        | |  9.5
Fighting       | |  6.4
Polearms       | |  4.4
Dodging        | |  4.4

Action                   || total
-------------------------++-------
Melee: Rapier            ||     6
 Stab: Sleeping          ||     2
Armor: Leather armour    ||     1
Dodge: Dodged            ||    11
